[Event "January 2 Late 2024"]
[Site "https://www.chess.com"]
[Date "2024.01.02"]
[Round "5"]
[White "Klukin, Kirill"]
[Black "Martinez Alcantara, Jose Eduardo"]
[Result "0-1"]
[Board "11"]
[TimeControl "180+1"]
[WhiteFideId "24199273"]
[BlackFideId "3805662"]
[WhiteElo "2833"]
[BlackElo "3048"]
[WhiteTeam "RUS"]
[BlackTeam "PER"]
[WhiteClock "0:00:00"]
[BlackClock "0:00:03"]

1. d4 Nf6 2. c4 e6 3. Nc3 Bb4 4. e3 O-O 5. Bd2 d5 6. Nf3 Re8 7. Bd3 Nbd7 8. O-O Bf8 9. Qc2 h6 10. e4 dxe4 11. Nxe4 b6 12. Bc3 Bb7 13. Rad1 Qc8 14. Rfe1 c5 15. Nxf6+ Nxf6 16. d5 exd5 17. Bxf6 gxf6 18. cxd5 Rxe1+ 19. Nxe1 Bd6 20. Nf3 Qg4 21. h3 Qf4 22. Bb5 Rd8 23. Bc6 Bc8 24. Qd2 f5 25. Qxf4 Bxf4 26. Nd2 Ba6 27. a4 Bd3 28. b3 Bc2 29. Rc1 Be4 30. Rd1 Bc2 31. Rc1 Bd3 32. Rd1 a6 33. g3 Bc7 34. Rc1 f4 35. g4 Kg7 36. Nc4 b5 37. axb5 axb5 38. Na3 b4 39. Nc4 Kf6 40. Nd2 Bd6 41. Ra1 Kg7 42. Ra7 Be5 43. Rb7 Bc3 44. Nc4 Be4 45. Nb6 f3 46. Ba4 h5 47. gxh5 Kh6 48. Kf1 Bd3+ 49. Kg1 Rg8+ 50. Kh1 Rg2 51. Rxf7 Rxf2 52. Kg1 Bd4 53. Kh1 Rf1+ 54. Kh2 Be5+ 0-1

[Event "January 2 Late 2024"]
[Site "https://www.chess.com"]
[Date "2024.01.02"]
[Round "5"]
[White "Troff, Kayden"]
[Black "Keymer, Vincent"]
[Result "1-0"]
[Board "12"]
[TimeControl "180+1"]
[WhiteFideId "2047896"]
[BlackFideId "12940690"]
[WhiteElo "2796"]
[BlackElo "3030"]
[WhiteTeam "USA"]
[BlackTeam "GER"]
[WhiteClock "0:00:29"]
[BlackClock "0:00:04"]

1. d4 Nf6 2. Nf3 e6 3. Bf4 c5 4. e3 Nc6 5. Nc3 cxd4 6. Nxd4 Qa5 7. Nb3 Qd8 8. Nb5 e5 9. Bg5 d6 10. Bc4 Be6 11. Bxe6 fxe6 12. Bxf6 gxf6 13. Qh5+ Ke7 14. O-O-O d5 15. e4 d4 16. f4 a6 17. fxe5 fxe5 18. N5xd4 exd4 19. Rhf1 e5 20. Qf7+ Kd6 21. Rf6+ 1-0

[Event "January 2 Late 2024"]
[Site "https://www.chess.com"]
[Date "2024.01.02"]
[Round "5"]
[White "Bluebaum, Matthias"]
[Black "Lewtak, Damian"]
[Result "1-0"]
[Board "13"]
[TimeControl "180+1"]
[WhiteFideId "24651516"]
[BlackFideId "1141724"]
[WhiteElo "3023"]
[BlackElo "2728"]
[WhiteTeam "GER"]
[BlackTeam "POL"]
[WhiteClock "0:00:39"]
[BlackClock "0:00:16"]

1. d4 Nf6 2. c4 e6 3. Nc3 d5 4. cxd5 exd5 5. Bg5 Bf5 6. Bxf6 Qxf6 7. Nxd5 Qc6 8. Nc3 Nd7 9. e3 Bd6 10. Nf3 a6 11. Bd3 Bxd3 12. Qxd3 O-O 13. O-O Rad8 14. Rad1 Qb6 15. Qc2 h6 16. e4 Rfe8 17. Rfe1 c6 18. h3 Bb4 19. a3 Bf8 20. e5 Qa5 21. Qb3 Qb6 22. Qa2 c5 23. d5 c4 24. e6 fxe6 25. dxe6 Bc5 26. exd7 Bxf2+ 27. Kh1 Rxe1+ 28. Nxe1 Qe6 29. Nf3 b5 30. Qb1 Rxd7 31. Rxd7 Qxd7 32. Qd1 Qe7 33. Qe2 Qa7 34. Qe8+ Kh7 35. Qe4+ Kg8 36. Qe6+ Kh7 37. Ne4 Qe3 38. Qf5+ Kg8 39. Nxf2 Qxf2 40. Qd5+ Kh7 41. Qe4+ Kg8 42. Qd4 Qe2 43. Kh2 Kh7 44. Nd2 a5 45. Qe4+ Qxe4 46. Nxe4 b4 47. axb4 axb4 48. Kg3 g5 49. Kf3 Kg6 50. Ke3 h5 51. g4 hxg4 52. hxg4 Kf7 53. Kd4 Ke6 54. Nxg5+ 1-0

[Event "January 2 Late 2024"]
[Site "https://www.chess.com"]
[Date "2024.01.02"]
[Round "5"]
[White "Araujo Sanchez, Josue"]
[Black "Kollars, Dmitrij"]
[Result "0-1"]
[Board "14"]
[TimeControl "180+1"]
[WhiteFideId "6416896"]
[BlackFideId "12909572"]
[WhiteElo "2706"]
[BlackElo "3000"]
[WhiteTeam "DOM"]
[BlackTeam "GER"]
[WhiteClock "0:00:00"]
[BlackClock "0:01:08"]

1. d4 Nf6 2. Nf3 d5 3. c4 e6 4. g3 Bb4+ 5. Bd2 a5 6. Qc2 O-O 7. Bg2 c5 8. dxc5 d4 9. O-O Nc6 10. Bg5 Bxc5 11. Nbd2 h6 12. Bxf6 Qxf6 13. Ne4 Qe7 14. Nxc5 Qxc5 15. Rfe1 e5 16. e3 Rd8 17. exd4 exd4 18. Nd2 Nb4 19. Qb3 a4 20. Qa3 d3 21. Qc3 Nc2 22. Re5 Qd4 23. Qxd4 Nxd4 24. Rae1 Be6 25. R1e3 Nc2 26. R3e4 a3 27. bxa3 Rxa3 28. f4 Rxa2 29. f5 Bxf5 30. Rxf5 Nd4 31. Rff4 Ne2+ 0-1

[Event "January 2 Late 2024"]
[Site "https://www.chess.com"]
[Date "2024.01.02"]
[Round "5"]
[White "Zarubitski, Viachaslau"]
[Black "Kramnik, Vladimir"]
[Result "1-0"]
[Board "15"]
[TimeControl "180+1"]
[WhiteFideId "13509373"]
[BlackFideId "4101588"]
[WhiteElo "2722"]
[BlackElo "2983"]
[WhiteTeam "BLR"]
[BlackTeam "RUS"]
[WhiteClock "0:00:03"]
[BlackClock "0:00:00"]

1. c4 e6 2. Nf3 Nf6 3. b3 d5 4. Bb2 Be7 5. e3 O-O 6. Be2 b6 7. cxd5 exd5 8. O-O c5 9. d4 Ba6 10. dxc5 bxc5 11. Nc3 Bb7 12. Rc1 Nbd7 13. Qd2 Re8 14. Rfd1 Bf8 15. h3 a6 16. Na4 Rc8 17. Ba3 Ne4 18. Qe1 Qf6 19. Bb2 Qh6 20. Nc3 Nxc3 21. Qxc3 d4 22. Qd2 Bd6 23. Re1 dxe3 24. fxe3 Nf8 25. Rcd1 Bg3 26. Rf1 Qxe3+ 27. Qxe3 Rxe3 28. Bc4 Bxf3 29. Rxf3 Rxf3 30. gxf3 a5 31. Bc3 Bc7 32. Rd5 Bb6 33. Rd6 Rb8 34. Kf1 h6 35. a4 Bc7 36. Rc6 Bb6 37. Be5 Re8 38. Bxg7 Kxg7 39. Rxb6 Ng6 40. Rb7 Re7 41. Rb5 Ne5 42. Rxc5 Nxf3 43. Rxa5 Nd2+ 44. Kf2 Nxc4 45. bxc4 Rc7 46. c5 Kf6 47. Ke3 Ke5 48. c6+ Kd6 49. Rh5 Kxc6 50. Rxh6+ Kc5 51. Rf6 Ra7 52. Rf4 Kd5 53. h4 Ke5 54. Kf3 f5 55. Rb4 Kf6 56. Rb6+ Ke5 57. Rb5+ Kf6 58. a5 Kg6 59. Kg3 Ra8 60. Rc5 Kh5 61. Rxf5+ Kh6 62. Rb5 Kg6 63. Kg4 Kh6 64. h5 Ra7 65. Rb6+ Kh7 66. a6 Kh8 67. Kg5 Rg7+ 68. Rg6 Ra7 69. Kf5 Rc7 70. Ke5 Rc5+ 71. Kd6 Ra5 72. Kc7 Kh7 73. Kb7 Rxh5 74. Rb6 Ra5 75. a7 Kg7 76. a8=Q Rb5 77. Rxb5 1-0

[Event "January 2 Late 2024"]
[Site "https://www.chess.com"]
[Date "2024.01.02"]
[Round "5"]
[White "Matlakov, Maxim"]
[Black "CamillaEffect"]
[Result "1-0"]
[Board "16"]
[TimeControl "180+1"]
[WhiteFideId "4168003"]
[WhiteElo "2963"]
[BlackElo "2641"]
[WhiteTeam "RUS"]
[WhiteClock "0:00:06"]
[BlackClock "0:00:03"]

1. d4 d5 2. Nf3 Nf6 3. Bg5 Ne4 4. Bh4 Bf5 5. e3 c6 6. Nbd2 Nd7 7. Be2 Qb6 8. O-O Nxd2 9. Qxd2 Qxb2 10. Rab1 Qxc2 11. Qxc2 Bxc2 12. Rxb7 e6 13. Rc1 Ba4 14. Ng5 c5 15. dxc5 Nxc5 16. Rc7 f6 17. Bh5+ g6 18. Nxh7 Be7 19. Bxg6+ Kd8 20. R7xc5 Bxc5 21. Bxf6+ Kd7 22. Bxh8 Ba3 23. Nf6+ Kd6 24. Rb1 Rxh8 25. Bd3 Rc8 26. h4 Ke7 27. Ng4 Rc1+ 28. Rxc1 Bxc1 29. Ne5 Bb2 30. f4 Kf6 31. Ng4+ Kg7 32. Kf2 Bd1 33. Ne5 Kf6 34. Be2 Ba4 35. g4 Bxe5 36. g5+ Kf5 37. Bd3+ Kg4 38. fxe5 Kxh4 39. g6 Be8 40. g7 Bf7 41. Bh7 Kg5 42. Kf3 a5 43. a4 Kh6 44. g8=Q Bxg8 45. Bxg8 Kg6 46. Bxe6 1-0

[Event "January 2 Late 2024"]
[Site "https://www.chess.com"]
[Date "2024.01.02"]
[Round "5"]
[White "Alekseenko, Kirill"]
[Black "Gubajdullin, Alexei"]
[Result "1-0"]
[Board "17"]
[TimeControl "180+1"]
[WhiteFideId "4135539"]
[BlackFideId "4141202"]
[WhiteElo "2934"]
[BlackElo "2623"]
[WhiteTeam "AUT"]
[BlackTeam "RUS"]
[WhiteClock "0:00:16"]
[BlackClock "0:00:00"]

1. e4 g6 2. d4 Bg7 3. Nf3 d6 4. Nc3 a6 5. Be3 Nd7 6. Bd3 b5 7. a4 b4 8. Ne2 c5 9. c3 Ngf6 10. O-O bxc3 11. bxc3 O-O 12. Ng3 Qa5 13. Bd2 Qc7 14. a5 Bb7 15. Re1 e5 16. dxe5 Nxe5 17. Nxe5 dxe5 18. Qe2 h5 19. Bg5 Nh7 20. Be3 h4 21. Nf1 h3 22. g3 f5 23. Rab1 f4 24. Bxc5 Qxc5 25. Rxb7 Ng5 26. Nd2 fxg3 27. hxg3 Rad8 28. Bc4+ Kh8 29. Nb3 Qc6 30. Rb6 Qc7 31. Kh1 Nf3 32. Qf1 Qc8 33. Re3 Qg4 34. Be2 1-0

[Event "January 2 Late 2024"]
[Site "https://www.chess.com"]
[Date "2024.01.02"]
[Round "5"]
[White "Roberson, Peter T"]
[Black "Mahdavi, Reza"]
[Result "0-1"]
[Board "18"]
[TimeControl "180+1"]
[WhiteFideId "412384"]
[BlackFideId "12595926"]
[WhiteElo "2586"]
[BlackElo "2862"]
[WhiteTeam "ENG"]
[BlackTeam "IRI"]
[WhiteClock "0:00:32"]
[BlackClock "0:00:34"]

1. b3 Nf6 2. Bb2 e6 3. e3 c5 4. Nf3 b6 5. d4 Bb7 6. Bd3 d5 7. Nbd2 Nbd7 8. Ne5 g6 9. f4 Bg7 10. Qf3 Qc7 11. O-O-O a5 12. Bb5 O-O 13. h4 Rfc8 14. dxc5 Qxc5 15. Bd3 Ba6 16. Nxd7 Nxd7 17. c4 Bxb2+ 18. Kxb2 a4 19. h5 axb3 20. hxg6 hxg6 21. Nxb3 Qf8 22. cxd5 Bxd3 23. Rxd3 Qa3+ 24. Kb1 Qxa2# 0-1

[Event "January 2 Late 2024"]
[Site "https://www.chess.com"]
[Date "2024.01.02"]
[Round "5"]
[White "Kochiev, Ivan"]
[Black "Kadric, Denis"]
[Result "0-1"]
[Board "19"]
[TimeControl "180+1"]
[WhiteFideId "2917890"]
[BlackFideId "14403803"]
[WhiteElo "2569"]
[BlackElo "2835"]
[WhiteTeam "BUL"]
[BlackTeam "MNE"]
[WhiteClock "0:00:00"]
[BlackClock "0:00:14"]

1. e4 d6 2. d4 Nf6 3. Bd3 e5 4. c3 Nc6 5. Ne2 g6 6. O-O Bg7 7. f4 O-O 8. h3 Re8 9. fxe5 dxe5 10. d5 Nb8 11. c4 c6 12. Bg5 cxd5 13. cxd5 Nbd7 14. Kh1 Nc5 15. Na3 h6 16. Bxf6 Bxf6 17. Rc1 b6 18. b4 Nb7 19. Qa4 Nd6 20. Qc6 Bb7 21. Qa4 Bg5 22. Rc2 a6 23. Qb3 b5 24. Rc5 Be3 25. Bxb5 axb5 26. Qxe3 Qg5 27. Qxg5 hxg5 28. Nxb5 Nxe4 29. Nc7 Rxa2 30. Nxe8 Rxe2 31. Rc7 Ng3+ 32. Kg1 Nxf1 33. Rxb7 Ne3 34. d6 Rxg2+ 35. Kh1 Rd2 36. d7 Nf5 37. Nf6+ Kg7 38. Rb8 Kxf6 39. d8=Q+ Rxd8 40. Rxd8 Nd4 41. Kg2 Ke7 42. Rd5 Ke6 43. Ra5 e4 44. Kf2 f5 45. Ra6+ Ke5 46. Rxg6 Kf4 47. Rg8 e3+ 48. Ke1 Ke4 49. Re8+ Kd3 50. Re7 f4 51. Re8 f3 0-1

[Event "January 2 Late 2024"]
[Site "https://www.chess.com"]
[Date "2024.01.02"]
[Round "5"]
[White "Daggupati, Balaji"]
[Black "Vachier-Lagrave, Maxime"]
[Result "0-1"]
[Board "20"]
[TimeControl "180+1"]
[WhiteFideId "2090759"]
[BlackFideId "623539"]
[WhiteElo "2743"]
[BlackElo "3188"]
[WhiteTeam "USA"]
[BlackTeam "FRA"]
[WhiteClock "0:00:09"]
[BlackClock "0:00:14"]

1. e4 c5 2. Nf3 Nc6 3. Bb5 e6 4. O-O Nge7 5. d4 cxd4 6. Nxd4 Qb6 7. Nxc6 bxc6 8. Be2 Ng6 9. Nc3 Be7 10. Na4 Qc7 11. c4 c5 12. f4 Bb7 13. Nc3 O-O 14. Bf3 d6 15. g3 Rab8 16. b3 Bf6 17. Bb2 Bd4+ 18. Kh1 Qe7 19. Qe2 Rbe8 20. Rad1 f5 21. exf5 Rxf5 22. Nb5 Bxf3+ 23. Rxf3 e5 24. Qe4 Rf6 25. f5 Nf8 26. Bc1 h6 27. Nc3 Rf7 28. Nd5 Qd7 29. f6 g5 30. Ne7+ Rexe7 31. fxe7 Qxe7 32. Rdf1 Rxf3 33. Rxf3 Kg7 34. h4 Qe6 35. Kh2 Nh7 36. Qb7+ Kg8 37. Qa8+ Kg7 38. Qxa7+ Kg8 39. Qb8+ Kg7 40. Qc7+ Kg8 41. Qd8+ Kg7 42. hxg5 hxg5 43. Bxg5 e4 44. Rf1 Qg4 45. Qe7+ Kg6 46. Rf4 Qe2+ 47. Kh3 Nxg5+ 48. Kh4 Qh5# 0-1

[Event "January 2 Late 2024"]
[Site "https://www.chess.com"]
[Date "2024.01.02"]
[Round "5"]
[White "Korchmar, Vasiliy"]
[Black "Nepomniachtchi, Ian"]
[Result "0-1"]
[Board "21"]
[TimeControl "180+1"]
[WhiteFideId "24131750"]
[BlackFideId "4168119"]
[WhiteElo "2741"]
[BlackElo "3123"]
[WhiteTeam "RUS"]
[BlackTeam "RUS"]
[WhiteClock "0:00:00"]
[BlackClock "0:01:49"]

1. e4 c5 2. d4 d6 3. d5 Nf6 4. Nc3 g6 5. Bb5+ Nbd7 6. a4 Bg7 7. Nf3 O-O 8. O-O Rb8 9. Re1 a6 10. Bf1 Re8 11. h3 Qc7 12. Bf4 c4 13. e5 Nh5 14. exd6 Qb6 15. Rxe7 Rf8 16. Bd2 Qxd6 17. Qe1 b5 18. axb5 axb5 19. Ra7 b4 20. Na4 Qxd5 21. Bxb4 Nf4 22. Nc3 Qc6 23. Ba3 Bb7 24. Rxd7 Qxd7 25. Bxf8 Rxf8 26. Bxc4 Qc6 27. Bb5 Qb6 28. Ra3 Nxh3+ 29. Kh2 Bxf3 30. Kxh3 Bb7 31. Kh2 Bxc3 0-1

[Event "January 2 Late 2024"]
[Site "https://www.chess.com"]
[Date "2024.01.02"]
[Round "5"]
[White "Aronian, Levon"]
[Black "Msellek, Ilyass"]
[Result "1-0"]
[Board "22"]
[TimeControl "180+1"]
[WhiteFideId "13300474"]
[BlackFideId "675938"]
[WhiteElo "3103"]
[BlackElo "2739"]
[WhiteTeam "USA"]
[BlackTeam "MAR"]
[WhiteClock "0:01:24"]
[BlackClock "0:00:00"]

1. e4 Nf6 2. e5 Nd5 3. d4 d6 4. Nf3 g6 5. Bc4 Nb6 6. Bb3 Bg7 7. Qe2 a5 8. a4 O-O 9. O-O dxe5 10. dxe5 c5 11. Na3 Nc6 12. Rd1 Qc7 13. Nb5 Qb8 14. e6 c4 15. exf7+ Rxf7 16. Bxc4 Nxc4 17. Qxc4 h6 18. Be3 Bf5 19. Nfd4 Ne5 20. Qc7 Qxc7 21. Nxc7 Rc8 22. Nd5 Nc4 23. b3 Nxe3 24. Nxe3 e5 25. Nb5 Rd7 26. Nd6 Rcd8 27. Ndxf5 Rxd1+ 28. Rxd1 Rxd1+ 29. Nxd1 gxf5 30. Ne3 f4 31. Nc4 b6 32. f3 Bf8 33. Nxe5 Bc5+ 34. Kf1 Kg7 35. Ke2 Bg1 36. h3 Kf6 37. Nd3 Be3 38. g3 Kf5 39. Nxf4 Bd4 40. Ng2 1-0

[Event "January 2 Late 2024"]
[Site "https://www.chess.com"]
[Date "2024.01.02"]
[Round "5"]
[White "Yarar, Bora"]
[Black "Duda, Jan-Krzysztof"]
[Result "1/2-1/2"]
[Board "23"]
[TimeControl "180+1"]
[WhiteFideId "34588400"]
[BlackFideId "1170546"]
[WhiteElo "2734"]
[BlackElo "3049"]
[WhiteTeam "TUR"]
[BlackTeam "POL"]
[WhiteClock "0:00:18"]
[BlackClock "0:00:01"]

1. e4 e5 2. Nf3 d6 3. d4 exd4 4. Nxd4 Nf6 5. Nc3 Be7 6. Be2 O-O 7. O-O Re8 8. f4 Bf8 9. Bf3 c6 10. a4 a5 11. h3 Na6 12. b3 g6 13. Bb2 Bg7 14. Re1 Qc7 15. Qd2 Bd7 16. Rad1 Rad8 17. Kh1 Bc8 18. Qf2 Nb4 19. g4 d5 20. e5 Nd7 21. e6 fxe6 22. Nxe6 Rxe6 23. Rxe6 Qxf4 24. Re7 Qf6 25. Rde1 Rf8 26. Kg2 Nxc2 27. R1e6 Qxf3+ 28. Qxf3 Rxf3 29. Kxf3 Nd4+ 30. Kg2 Nxe6 31. Rxe6 Kf7 32. Re2 Nc5 33. Rf2+ Kg8 34. Re2 Bd7 35. Nd1 d4 36. Ba3 Ne6 37. Kg1 d3 38. Rd2 Nf4 39. Bb2 Bh6 40. Kh2 Nxh3 41. Rxd3 Bxg4 42. Rd8+ Kf7 43. Be5 Ng5 44. Kg3 Be6 45. Nf2 Bxb3 46. Rd7+ Ke6 47. Rxb7 Kxe5 48. Rxb3 Bf8 49. Rb7 Bd6 50. Kg4 Kf6 51. Nd3 h5+ 52. Kh4 Nf3+ 53. Kh3 g5 54. Kg2 g4 55. Rb6 Nd4 56. Nf2 Kf5 57. Rb7 h4 58. Rf7+ Kg6 59. Rd7 h3+ 60. Kf1 Be5 61. Nxg4 Kf5 62. Nxe5 Kxe5 63. Rh7 Kd5 64. Rxh3 Kc4 65. Rh5 Kb4 66. Rh4 c5 67. Ke1 Kxa4 68. Kd2 Kb4 69. Kd3 a4 70. Rh8 Nb5 71. Rh1 c4+ 72. Kc2 Nd4+ 73. Kb2 c3+ 74. Ka2 Kc4 75. Rh8 Nb3 76. Rc8+ Nc5 77. Ka3 Kd4 78. Kb4 a3 79. Kxa3 Kc4 80. Rc7 Kd4 81. Rc8 Kc4 82. Rc7 Kb5 83. Rc8 Kc4 1/2-1/2

[Event "January 2 Late 2024"]
[Site "https://www.chess.com"]
[Date "2024.01.02"]
[Round "5"]
[White "Oparin, Grigoriy"]
[Black "Koellner, Ruben Gideon"]
[Result "1-0"]
[Board "24"]
[TimeControl "180+1"]
[WhiteFideId "24125890"]
[BlackFideId "12993093"]
[WhiteElo "3043"]
[BlackElo "2726"]
[WhiteTeam "USA"]
[BlackTeam "GER"]
[WhiteClock "0:00:33"]
[BlackClock "0:00:02"]

1. c4 a6 2. Nc3 e6 3. e4 c5 4. Nf3 Nc6 5. d4 cxd4 6. Nxd4 Qc7 7. Be2 Nf6 8. O-O Bd6 9. h3 Be5 10. Nxc6 dxc6 11. Qd3 c5 12. f4 Bd4+ 13. Be3 Bxe3+ 14. Qxe3 O-O 15. e5 Nd7 16. Rad1 Nb8 17. Ne4 b6 18. Ng5 Bb7 19. Qd3 g6 20. Qd6 Rc8 21. Bg4 Qxd6 22. Rxd6 Nc6 23. Nxf7 Kxf7 24. Rd7+ Kf8 25. Rxb7 Nd4 26. Rxh7 Kg8 27. Rd7 Rd8 28. Rb7 Rab8 29. Ra7 Ra8 30. Rxa8 Rxa8 31. Rd1 a5 32. Kf2 a4 33. Ke3 a3 34. b3 Kf7 35. Bf3 Rd8 36. Kf2 Ke7 37. Be4 Rf8 38. Ke3 Rg8 39. h4 Kf7 40. Rh1 Rh8 41. g4 Kg7 42. b4 Rd8 43. bxc5 bxc5 44. Rb1 Rd7 45. Rb6 Kf7 46. Ra6 Rd8 47. Rxa3 Rb8 48. Ra7+ Kg8 49. Ra8 Rxa8 50. Bxa8 Kf7 51. Be4 Ke7 52. a4 1-0

[Event "January 2 Late 2024"]
[Site "https://www.chess.com"]
[Date "2024.01.02"]
[Round "5"]
[White "Radjabov, Teimour"]
[Black "Dyachuk, Artem"]
[Result "1-0"]
[Board "25"]
[TimeControl "180+1"]
[WhiteFideId "13400924"]
[BlackFideId "34107924"]
[WhiteElo "3025"]
[BlackElo "2721"]
[WhiteTeam "AZE"]
[BlackTeam "UKR"]
[WhiteClock "0:00:48"]
[BlackClock "0:00:01"]

1. c4 Nf6 2. Nc3 e5 3. Nf3 e4 4. Ng5 c6 5. d3 exd3 6. e4 d6 7. Bxd3 h6 8. Nf3 Be7 9. O-O O-O 10. h3 Nbd7 11. Re1 Re8 12. Bf4 Nc5 13. Bc2 Be6 14. b3 Bf8 15. Qd2 Qd7 16. Rad1 Rad8 17. Nd4 d5 18. cxd5 cxd5 19. Nxe6 Nxe6 20. Be5 dxe4 21. Qe3 Qe7 22. Nxe4 Rxd1 23. Bxd1 Nxe4 24. Qxe4 Nc5 25. Qc2 Nd7 26. Bc3 Qxe1+ 27. Bxe1 Rxe1+ 28. Kh2 Re8 29. g3 Nf6 30. Bf3 b6 31. Kg2 Bc5 32. Qd2 a5 33. h4 Re6 34. h5 Rd6 35. Qe2 Re6 36. Qa6 Rd6 37. Qc8+ Kh7 38. Qf5+ Kg8 39. Qc8+ Kh7 40. Be2 Rd2 41. Bd3+ g6 42. hxg6+ fxg6 43. Qb7+ Kg8 44. Bxg6 Rxf2+ 45. Kh3 Ne4 1-0

[Event "January 2 Late 2024"]
[Site "https://www.chess.com"]
[Date "2024.01.02"]
[Round "5"]
[White "Schnaider, Ilan"]
[Black "Fedoseev, Vladimir"]
[Result "0-1"]
[Board "26"]
[TimeControl "180+1"]
[WhiteFideId "169013"]
[BlackFideId "24130737"]
[WhiteElo "2721"]
[BlackElo "3020"]
[WhiteTeam "ARG"]
[BlackTeam "SLO"]
[WhiteClock "0:00:00"]
[BlackClock "0:00:17"]

1. e4 c6 2. Nc3 d5 3. Nf3 Bg4 4. h3 Bxf3 5. Qxf3 Nf6 6. Be2 e5 7. O-O d4 8. Nb1 Nbd7 9. d3 h5 10. Qg3 h4 11. Qh2 g6 12. f4 Nh5 13. Bxh5 Rxh5 14. Nd2 Bd6 15. Nc4 Bb8 16. fxe5 Nxe5 17. Nxe5 Bxe5 18. Bf4 Qe7 19. Bxe5 Rxe5 20. Qf4 Rd8 21. Rf2 Rd6 22. Raf1 f5 23. Qh6 Kd7 24. exf5 gxf5 25. Qh5 Rdd5 26. Rxf5 Rxf5 27. Rxf5 Qe1+ 28. Kh2 Qg3+ 29. Kg1 Qe1+ 30. Kh2 Qg3+ 31. Kg1 Qe3+ 32. Kh2 Rxf5 33. Qxf5+ Kc7 34. Qe4 Qxe4 35. dxe4 c5 36. Kg1 Kd6 37. Kf2 Ke5 38. g3 hxg3+ 39. Kxg3 Kxe4 40. h4 c4 41. h5 Ke3 42. h6 d3 43. cxd3 cxd3 44. h7 d2 45. h8=Q d1=Q 46. Qe5+ Kd2 47. Qd5+ Kc1 48. Qxb7 Qd3+ 49. Kf4 Qc4+ 50. Ke3 a5 51. b3 Qc3+ 52. Ke4 Kb2 53. Kd5 Kxa2 54. Kd6 Qb4+ 55. Qxb4 axb4 56. Kc5 Kxb3 57. Kd4 Kc2 58. Kc4 b3 59. Kb4 b2 60. Ka3 b1=Q 61. Ka4 Qb6 0-1

[Event "January 2 Late 2024"]
[Site "https://www.chess.com"]
[Date "2024.01.02"]
[Round "5"]
[White "Makarian, Rudik"]
[Black "Rakitin, Daniil"]
[Result "1-0"]
[Board "27"]
[TimeControl "180+1"]
[WhiteFideId "44105681"]
[BlackFideId "24219762"]
[WhiteElo "3020"]
[BlackElo "2716"]
[WhiteTeam "FID"]
[BlackTeam "RUS"]
[WhiteClock "0:00:06"]
[BlackClock "0:00:03"]

1. d4 Nf6 2. c4 e6 3. Nf3 b6 4. g3 Ba6 5. b3 c6 6. Bg2 d5 7. O-O Be7 8. Qc2 O-O 9. Nbd2 b5 10. c5 b4 11. Re1 Bb5 12. e4 dxe4 13. Nxe4 Nd5 14. h4 h6 15. Ne5 Nd7 16. Nc4 N7f6 17. Ned6 Ba6 18. Bd2 Ne8 19. Ne4 Bb5 20. a3 a5 21. axb4 axb4 22. Rxa8 Qxa8 23. Qb2 Qb8 24. Ra1 f5 25. Ned6 Nxd6 26. cxd6 Bxd6 27. Nxd6 Qxd6 28. Ra7 Rf7 29. Ra8+ Rf8 30. Qa1 Rxa8 31. Qxa8+ Qf8 32. Qb7 Qf7 33. Qb8+ Qf8 34. Qe5 Qf6 35. Qb8+ Qf8 36. Qb7 Qf7 37. Qc8+ Kh7 38. Bf3 Qf6 39. Bxd5 cxd5 40. Qc5 Bd3 41. Bf4 Qg6 42. f3 Qe8 43. Be5 Qd7 44. Kf2 Qb7 45. Ke3 Ba6 46. Qf8 Qd7 47. g4 fxg4 48. fxg4 Bb5 49. Kf4 Ba6 50. h5 Bd3 51. g5 hxg5+ 52. Kxg5 Bf5 53. h6 gxh6+ 54. Kh5 Bg6+ 55. Kh4 Qf7 56. Qh8# 1-0

[Event "January 2 Late 2024"]
[Site "https://www.chess.com"]
[Date "2024.01.02"]
[Round "5"]
[White "Xiong, Jeffery"]
[Black "Onyshchuk, Volodymyr"]
[Result "1-0"]
[Board "28"]
[TimeControl "180+1"]
[WhiteFideId "2047640"]
[BlackFideId "14114038"]
[WhiteElo "3014"]
[BlackElo "2711"]
[WhiteTeam "USA"]
[BlackTeam "UKR"]
[WhiteClock "0:00:50"]
[BlackClock "0:00:16"]

1. e4 d6 2. d4 g6 3. Nf3 Bg7 4. Be3 Nf6 5. Nc3 O-O 6. Qd2 c6 7. Bd3 Nbd7 8. Bh6 e5 9. O-O-O Qe7 10. h3 Re8 11. Rhe1 Qf8 12. Bxg7 Kxg7 13. Kb1 b5 14. Ne2 a5 15. Ng3 h6 16. Nf1 Nb6 17. g4 Qe7 18. Ng3 Be6 19. Rg1 Kh7 20. g5 Ng8 21. Nf5 Qf8 22. gxh6 f6 23. Ng7 Re7 24. Nxe6 Rxe6 25. d5 Re7 26. dxc6 d5 27. Nh4 Qxh6 28. Qxh6+ Nxh6 29. exd5 1-0

[Event "January 2 Late 2024"]
[Site "https://www.chess.com"]
[Date "2024.01.02"]
[Round "5"]
[White "Iturrizaga Bonelli, Eduardo"]
[Black "Cardoso Cardoso, Jose Gabriel"]
[Result "1-0"]
[Board "29"]
[TimeControl "180+1"]
[WhiteFideId "3901211"]
[BlackFideId "4430492"]
[WhiteElo "2976"]
[BlackElo "2707"]
[WhiteTeam "ESP"]
[BlackTeam "COL"]
[WhiteClock "0:00:20"]
[BlackClock "0:00:00"]

1. c4 e6 2. Nf3 d5 3. e3 Nf6 4. b3 g6 5. Bb2 Bg7 6. Be2 O-O 7. O-O Nbd7 8. Nc3 b6 9. Rc1 Bb7 10. d4 c5 11. dxc5 Nxc5 12. b4 Ncd7 13. Qb3 dxc4 14. Bxc4 Bxf3 15. gxf3 Nh5 16. Rfd1 Qg5+ 17. Kh1 Ndf6 18. Bf1 Qh4 19. Kg1 Rfd8 20. Bg2 Rac8 21. a3 Nd7 22. Nb5 Rxc1 23. Rxc1 Ne5 24. Nd4 Nf6 25. Nxe6 Nd3 26. Qxd3 1-0

[Event "January 2 Late 2024"]
[Site "https://www.chess.com"]
[Date "2024.01.02"]
[Round "5"]
[White "Rasulov, Vugar"]
[Black "Do Valle Cardoso, Lucas"]
[Result "1-0"]
[Board "30"]
[TimeControl "180+1"]
[WhiteFideId "13402390"]
[BlackFideId "2163144"]
[WhiteElo "2970"]
[BlackElo "2700"]
[WhiteTeam "AZE"]
[BlackTeam "BRA"]
[WhiteClock "0:00:23"]
[BlackClock "0:00:08"]

1. Nf3 d5 2. c4 d4 3. g3 c5 4. Bg2 Nc6 5. O-O g6 6. e3 Bg7 7. exd4 cxd4 8. d3 e5 9. b4 Nxb4 10. Nxe5 Ne7 11. Re1 O-O 12. Ba3 a5 13. Nd2 Qc7 14. Nef3 Nec6 15. Ne4 Bf5 16. Bc1 Rfe8 17. Bf4 Qd8 18. a3 Bxe4 19. dxe4 Na6 20. e5 Nc5 21. Rb1 h6 22. h4 Qd7 23. Rb5 Ne6 24. Qd2 Nxf4 25. gxf4 Rad8 26. h5 Qg4 27. hxg6 fxg6 28. Nh2 Qf5 29. Rxb7 Ne7 30. Be4 Qh5 31. Qe2 Qxe2 32. Rxe2 Nf5 33. Ng4 h5 34. Nf6+ Bxf6 35. exf6 d3 36. f7+ Kf8 37. fxe8=Q+ 1-0

[Event "January 2 Late 2024"]
[Site "https://www.chess.com"]
[Date "2024.01.02"]
[Round "5"]
[White "Salem, A.R. Saleh"]
[Black "Martinez Ramirez, Lennis"]
[Result "1-0"]
[Board "31"]
[TimeControl "180+1"]
[WhiteFideId "9301348"]
[BlackFideId "3509079"]
[WhiteElo "2968"]
[BlackElo "2704"]
[WhiteTeam "UAE"]
[BlackTeam "CUB"]
[WhiteClock "0:00:53"]
[BlackClock "0:00:03"]

1. d4 Nf6 2. c4 e6 3. Nf3 b6 4. a3 Bb7 5. Nc3 d5 6. e3 c5 7. cxd5 exd5 8. Bb5+ Bc6 9. Bd3 Be7 10. Ne5 Bb7 11. Bb5+ Kf8 12. O-O a6 13. Ba4 h5 14. Qf3 b5 15. Bc2 Nc6 16. Nxc6 Bxc6 17. dxc5 Qc7 18. Ne2 Bxc5 19. Nd4 Bd7 20. Qd1 Bxd4 21. exd4 Ng4 22. g3 h4 23. Bf4 Qb6 24. h3 Nf6 25. g4 Ne4 26. f3 Ng3 27. Re1 Re8 28. Qd2 Qf6 29. Rxe8+ Bxe8 30. Re1 g5 31. Bxg5 Qxf3 32. Bh6+ Kg8 33. Rxe8# 1-0